 Dungeon Crawl Stone Soup version 0.21-a0-286-g6fcecc0 (console) character file.

4906 Argmax the Zephyrmancer (level 10, -10/60 HPs)
             Began as a Tengu Air Elementalist on Sept 26, 2017.
             Was a Follower of Vehumet.
             Mangled by a hornet (13 damage)
             ... on level 8 of the Dungeon.
             The game lasted 01:17:37 (11436 turns).

Argmax the Zephyrmancer (Tengu Air Elementalist)   Turns: 11436, Time: 01:17:37

Health: -10/60     AC:  2    Str:  8    XL:     10   Next: 51%
Magic:  20/29      EV: 17    Int: 16    God:    Vehumet [*.....]
Gold:   426        SH:  0    Dex: 16    Spells: 3/22 levels left

rFire    . . .     SeeInvis .   J - staff of energy (curse)
rCold    . . .     Gourm    .   (no shield)
rNeg     . . .     Faith    .   g - +0 robe
rPois    .         Spirit   .   P - +0 hat
rElec    .         Reflect  .   (no cloak)
rCorr    .         Harm     .   (no gloves)
MR       .....                  (boots unavailable)
Stlth    ++........             E - amulet of magic regeneration
HPRegen  0.00/turn              u - ring of magical power
MPRegen  0.46/turn              O - +2 ring of evasion

@: lethally poisoned (-10 -> -18), slowed, drained, very slow
A: beak, talons 3, thin skeletal structure 1, dopey 2, inhibited regeneration,
able to fly 1
a: Fly, Renounce Religion


You were on level 8 of the Dungeon.
You worshipped Vehumet.
Vehumet was aware of your devotion.
You were not hungry.

You visited 2 branches of the dungeon, and saw 10 of its levels.

You collected 426 gold pieces.

Inventory:

Hand Weapons
 a - a +0 quarterstaff
 b - the +4 Vampire's Tooth {vamp}
   (You found it on level 6 of the Dungeon)

   It inflicts no extra harm, but heals its wielder when it wounds a living foe.
 q - a +2 antimagic quarterstaff
 x - a +1 short sword
 N - a +0 dagger of freezing
Missiles
 f - 19 tomahawks (quivered)
Armour
 e - a +0 leather armour
 g - a +0 robe (worn)
 l - a +0 ring mail
 I - the cursed +0 robe "Roideca" {rElec rF- rN+++ Regen+}
   (You found it on level 5 of the Dungeon)

   It makes you vulnerable to fire.
   It insulates you from electricity.
   It renders you almost immune to negative energy.
   It increases your rate of regeneration.
   It has a curse placed upon it.
 P - a +0 hat (worn)
Magical Staves
 J - a cursed staff of energy (weapon)
Jewellery
 u - a ring of magical power (left hand)
 E - an amulet of magic regeneration (around neck)
 F - an uncursed ring of stealth
 O - a +2 ring of evasion (right hand)
 Q - a +3 ring of strength
Wands
 C - a wand of polymorph (12/24)
 R - a wand of confusion (48/48)
Scrolls
 d - 2 scrolls of immolation
 i - 3 scrolls of enchant weapon
 k - a scroll of fog
 s - a scroll of magic mapping
 G - 2 scrolls of teleportation
 K - a scroll of recharging
 M - a scroll of identify
Potions
 h - 2 potions of mutation {unknown}
 o - 2 potions of might {unknown}
 p - 7 potions of curing
 v - 3 potions of brilliance {unknown}
 w - 2 potions of haste {unknown}
 z - a potion of cancellation {unknown}
 A - 4 potions of ambrosia
Books
 y - a book of Callings

   Spells                             Type                      Level
   a - Summon Small Mammal            Summoning                    1
   b - Call Imp                       Summoning                    2
   c - Call Canine Familiar           Summoning                    3
   d - Summon Guardian Golem          Hexes/Summoning              3
   e - Summon Lightning Spire         Summoning/Air                4
   f - Summon Ice Beast               Ice/Summoning                4
 D - a book of Conjurations

   Spells                             Type                      Level
   a - Magic Dart                     Conjuration                  1
   b - Searing Ray                    Conjuration                  2
   c - Dazzling Spray                 Conjuration/Hexes            3
   d - Fulminant Prism                Conjuration/Hexes            4
   e - Force Lance                    Conjuration/Translocation    4
   f - Iskenderun's Mystic Blast      Conjuration                  4
 L - a book of Air

   Spells                             Type                      Level
   a - Shock                          Conjuration/Air              1
   b - Swiftness                      Charms/Air                   2
   c - Static Discharge               Conjuration/Air              3
   d - Airstrike                      Air                          4
   e - Lightning Bolt                 Conjuration/Air              5
Comestibles
 c - 9 bread rations
 n - 8 meat rations
 t - 6 royal jellies


   Skills:
 * Level 6.2(5.5) Fighting
 - Level 2.0(1.3) Staves
 - Level 2.6(1.9) Armour
 + Level 5.6(4.9) Dodging
 - Level 2.0(1.3) Stealth
 + Level 6.5(5.7) Spellcasting
 + Level 9.0(8.1) Conjurations
 - Level 4.0(3.3) Summonings
 + Level 9.9(9.1) Air Magic


You had 3 spell levels left.
You knew the following spells:

 Your Spells              Type           Power        Failure   Level  Hunger
a - Shock                 Conj/Air       ####         1%          1    None
b - Swiftness             Chrm/Air       ###.....     3%          2    None
c - Static Discharge      Conj/Air       ####....     1%          3    None
d - Airstrike             Air            ####......   3%          4    None
e - Summon Lightning Spi  Summ/Air       ###.....     11%         4    None
f - Lightning Bolt        Conj/Air       ####......   11%         5    None


Dungeon Overview and Level Annotations

Branches:
Dungeon (9/15)             Temple (1/1) D:7
   Lair: D:8-11         Orc: D:9-12

Altars:
Cheibriados
Dithmenos
Elyvilon
Fedhas
Gozag
Hepliaklqana
Kikubaaqudgha
Makhleb
Nemelex Xobeh
Okawaru
Qazlal
Ru
Sif Muna
Trog
Uskayaw
Vehumet
Wu Jian
Xom
Yredelemnul
The Shining One

Annotations:
D:2 Sigmund
D:3 Ijyb
D:5 exclusion: downstairs, GordonOverkill's ghost, novice GnMo
D:6 exclusion: downstairs
D:8 exclusion: 2 downstairs


Innate Abilities, Weirdness & Mutations

You have a beak for a mouth.
You have claws for feet.
You can fly.
You have a somewhat thin skeletal structure. (Dex +2, Stealth)
You are very dopey. (Int -4)
You do not regenerate when monsters are visible.


Message History

You feel yourself speed up. The hornet stings you.
* * * LOW HITPOINT WARNING * * *
You are poisoned.
You feel yourself slow down. The hornet barely misses you. x2
Casting: Static Discharge
Confirm with . or Enter, or press ? or * to list all spells.
The hornet is struck by lightning.
The hornet is severely wounded.
The lightning arcs!
You are struck by lightning.
* * * LOW HITPOINT WARNING * * *
The lightning arcs!
The hornet is struck by lightning.
The hornet is almost dead.
The lightning grounds out.
You feel yourself speed up.
* * * LOW HITPOINT WARNING * * *
You feel sick. The hornet stings you.
* * * LOW HITPOINT WARNING * * *
You feel yourself slow down. The hornet stings you!
You die...

# #.................##...#
## #................###..##
.# #...............###...#
.## #..............## #...#
..###.............## ##..##
....#............## #...#
.##............### ##...#
#####........### #....# #
##......#########...##
#..#.......@.##....# #####
#.#########[y......#####...#
##.# #.....###..#...#...#
#..# #........#.#._.'.8..
##..## #.........##...#....
##....##
#..........#####....
#......##
#............##.....
##.......##
##..................
##.........#
#...............##.
#..........##
#...)..(.......###.


You could see a hornet.

Vanquished Creatures
  Joseph (D:8)
  A centaur skeleton (D:8)
  Prince Ribbit (D:6)
  2 hippogriffs
  2 yaks (D:8)
  A human (D:8)
  Menkaure (D:6)
  A water moccasin (D:8)
  2 sky beasts
  2 orc warriors
  3 phantoms
  An eye of draining (D:8)
  2 black bears
  An ogre (D:4)
  A big kobold (D:8)
  3 bullfrogs
  A gnoll sergeant (D:7)
  2 scorpions
  4 wights
  6 howler monkeys
  2 vampire bats (D:6)
  3 crimson imps
  A bullfrog zombie (D:5)
  A centaur zombie (D:8)
  2 jellies
  A hound (D:7)
  An orc priest (D:6)
  6 orc wizards
  An iguana (D:7)
  11 worker ants
  10 adders
  10 gnolls
  A howler monkey skeleton (D:4)
  4 adder skeletons
  2 worms (D:1)
  2 dart slugs (D:1)
  3 leopard geckos
  18 orcs
  5 giant cockroaches
  9 hobgoblins
  2 jackals (D:8)
  16 kobolds
  2 quokkas
  4 ball pythons
  17 bats
  8 frilled lizards
  23 goblins
  A jackal skeleton (D:4)
  A leopard gecko zombie (D:6)
  A quokka zombie (D:5)
  15 rats
221 creatures vanquished.

Vanquished Creatures (collateral kills)
  2 hogs (D:8)
  A black bear (D:8)
3 creatures vanquished.

Vanquished Creatures (others)
  A wyvern (D:9)
  A black bear (D:9)
  A bullfrog (D:9)
  A howler monkey (D:9)
  A worker ant (D:9)
  An orc (D:9)
6 creatures vanquished.

Grand Total: 230 creatures vanquished

Notes
Turn   | Place    | Note
-------+----------+-------------------------------------------
     0 | D:1      | Argmax the Tengu Air Elementalist began the quest for the Orb.
     0 | D:1      | Reached XP level 1. HP: 10/10 MP: 4/4
   231 | D:1      | Reached XP level 2. HP: 15/15 MP: 3/6
   744 | D:1      | Reached XP level 3. HP: 19/19 MP: 5/7
  1596 | D:2      | Learned a level 2 spell: Swiftness
  1643 | D:2      | Reached XP level 4. HP: 19/24 MP: 5/9
  1836 | D:2      | Learned a level 3 spell: Static Discharge
  1854 | D:2      | Reached skill level 5 in Air Magic
  2212 | D:2      | Noticed Sigmund
  3087 | D:3      | Gained mutation: You can fly. [Tengu growth]
  3087 | D:3      | Reached XP level 5. HP: 28/28 MP: 10/10
  3647 | D:3      | Noticed Ijyb
  3994 | D:4      | Noticed an ogre
  4122 | D:4      | Learned a level 4 spell: Airstrike
  4440 | D:4      | Noticed a phantom
  4446 | D:4      | Killed an ogre
  4446 | D:4      | Reached XP level 6. HP: 22/32 MP: 9/12
  4479 | D:4      | Killed a phantom
  4479 | D:4      | Reached skill level 5 in Conjurations
  4775 | D:4      | Reached XP level 7. HP: 27/36 MP: 12/14
  4974 | D:5      | Entered Level 5 of the Dungeon
  5063 | D:5      | Learned a level 4 spell: Summon Lightning Spire
  5264 | D:5      | Found a sparkling altar of Nemelex Xobeh.
  5278 | D:5      | Noticed GordonOverkill's ghost (novice GnMo)
  5411 | D:5      | Got a faintly humming robe
  5414 | D:5      | Identified the cursed +0 robe "Roideca" {rElec rF- rN+++ Regen+} (You found it on level 5 of the Dungeon)
  5823 | D:6      | Noticed Prince Ribbit
  6601 | D:4      | Reached XP level 8. HP: 42/42 MP: 11/16
  6604 | D:4      | Gained mutation: You are dopey. (Int -2) [mutagenic meat]
  6605 | D:4      | Gained mutation: You have a somewhat thin skeletal structure. (Dex +2, Stealth) [mutagenic meat]
  6784 | D:6      | Reached skill level 1 in Fighting
  6784 | D:6      | Reached skill level 1 in Armour
  6784 | D:6      | Reached skill level 1 in Summonings
  6884 | D:6      | Killed Prince Ribbit
  6914 | D:6      | Reached skill level 5 in Spellcasting
  7015 | D:6      | Found the +4 Vampire's Tooth {vamp}
  7557 | D:6      | Noticed Menkaure
  7563 | D:6      | Killed Menkaure
  7649 | D:7      | Noticed a hippogriff
  7740 | D:7      | Reached XP level 9. HP: 22/49 MP: 15/17
  8178 | D:7      | Found a staircase to the Ecumenical Temple.
  8187 | Temple   | Entered the Ecumenical Temple
  8274 | Temple   | Became a worshipper of Vehumet
  8991 | D:7      | Found an opulent altar of Gozag.
  9149 | D:8      | Found a hide-covered altar of Uskayaw.
  9149 | D:8      | Noticed a dagger
  9149 | D:8      | Noticed a hand axe
  9181 | D:8      | Reached * piety under Vehumet
  9181 | D:8      | Offered knowledge of Sandblast by Vehumet.
  9448 | D:8      | Learned a level 5 spell: Lightning Bolt
  9757 | D:8      | Reached skill level 5 in Fighting
  9757 | D:8      | Reached XP level 10. HP: 59/59 MP: 20/20
  9829 | D:8      | Found a bloodstained altar of Trog.
  9992 | D:8      | Noticed Joseph
 10004 | D:8      | Killed Joseph
 10004 | D:8      | Reached skill level 5 in Dodging
 10975 | D:9      | Gained mutation: You do not regenerate when monsters are visible. [mutagenic meat]
 10976 | D:9      | Gained mutation: You tend to lose your temper in combat. [mutagenic meat]
 10977 | D:9      | Gained mutation: You are very dopey. (Int -4) [mutagenic meat]
 10978 | D:9      | Lost mutation: You tend to lose your temper in combat. [mutagenic meat]
 10988 | D:9      | Noticed a two-headed ogre
 11084 | D:9      | Noticed a gargoyle
 11212 | D:9      | Found a shimmering altar of Xom.
 11430 | D:9      | Paralysed by a hornet for 1 turns
 11436 | D:8      | HP: 3/60 [hornet (6)]
 11436 | D:8      | Mangled by a hornet

Vault maps used:
D:1:      dpeg_arrival_ratfight, minmay_misc_feat_columns,
          minmay_misc_feat_four_crosses, minmay_liquid_box, st_stairs_14
D:2:      uniq_sigmund
D:3:      first_bread, fountainhead, uniq_ijyb
D:4:      cheibrodos_greedy_goblins, hangedman_minor_gate_pass
D:5:      basic_altar
D:6:      minmay_guarded_unrand_vampires_tooth, uniq_prince_ribbit1,
          uniq_menkaure
D:7:      lemuel_round_altar, minmay_temple_entry_statues_pillars
D:8:      dancing_weapons_uskayaw, grunt_livestock, david_defended_altar_elf,
          uniq_joseph
D:9:      gammafunk_temple_overflow_statue, xom_confusion_cloud,
          zombieorc2_lemuel
Temple:   minmay_crystal_spiral_temple

Skill      XL: |  1  2  3  4  5  6  7  8  9 10 |
---------------+-------------------------------+-----
Conjurations   | 2 3 4 5 6 7 8 9 |  9.0
Air Magic      | 5 6 7 8 9 |  9.9
Staves         | 2 |  2.0
Spellcasting   | 3 4 5 6 |  6.5
Fighting       | 2 5 6 |  6.2
Armour         | 2 |  2.6
Summonings     | 2 4 |  4.0
Dodging        | 3 4 5 |  5.6
Stealth        | |  2.0

Action                   |  1- 3 |  4- 6 |  7- 9 | 10-12 || total
-------------------------+-------+-------+-------+-------++-------
Melee: Dagger            |     8 |       |     5 |       ||    13
       Kick              |     2 |     5 |     5 |     1 ||    13
       Peck              |     1 |     9 |       |       ||    10
       Short sword       |     3 |    20 |       |       ||    23
       Quarterstaff      |       |    41 |     5 |       ||    46
       Staff             |       |       |     5 |     5 ||    10
Throw: Tomahawk          |     1 |       |       |       ||     1
 Cast: Shock             |    57 |   101 |   213 |    46 ||   417
       Static Discharge  |       |    10 |    44 |    24 ||    78
       Swiftness         |       |     2 |       |     1 ||     3
       Airstrike         |       |       |     4 |     7 ||    11
       Summon Lightning  |       |       |       |     2 ||     2
Evoke: Wand              |       |     2 |       |       ||     2
  Use: Scroll            |       |     6 |     6 |     3 ||    15
       Potion            |       |       |     1 |     3 ||     4
 Stab: Sleeping          |     2 |     1 |     2 |     1 ||     6
  Eat: Chunk             |     3 |    10 |    13 |     6 ||    32
       Fruit             |       |     1 |     5 |       ||     6
       Bread ration      |       |       |     2 |     1 ||     3
Armor: Robe              |     5 |     5 |     8 |     2 ||    20
       Ring mail         |       |    17 |       |       ||    17
       Leather armour    |       |     2 |     4 |       ||     6
Dodge: Dodged            |    15 |    72 |    57 |    27 ||   171

Table legend:
 A = Spawn XP
 B = Non-spawn XP
 C = Spawn XP percentage of total XP
 D = Spawn monster count
 E = Non-spawn monster count
 F = Spawn count percentage of total count
 G = Total turns spent on level
                    A         B        C        D         E        F      G
               +---------+---------+-------+---------+---------+-------+---------
         Total |       0 |    7009 |   0.0 |       0 |     224 |   0.0 | 11436
               +---------+---------+-------+---------+---------+-------+---------
           D:1 |       0 |      71 |   0.0 |       0 |      34 |   0.0 |  1754
           D:2 |       0 |      43 |   0.0 |       0 |      19 |   0.0 |   819
           D:3 |       0 |     145 |   0.0 |       0 |      34 |   0.0 |  1526
           D:4 |       0 |     576 |   0.0 |       0 |      28 |   0.0 |  1206
           D:5 |       0 |     242 |   0.0 |       0 |       8 |   0.0 |  1001
           D:6 |       0 |    1174 |   0.0 |       0 |      34 |   0.0 |  1766
           D:7 |       0 |    1656 |   0.0 |       0 |      28 |   0.0 |   902
           D:8 |       0 |    2756 |   0.0 |       0 |      33 |   0.0 |  2039
           D:9 |       0 |     346 |   0.0 |       0 |       6 |   0.0 |   248
               +---------+---------+-------+---------+---------+-------+---------
